 Dungeon Crawl Stone Soup version 0.17-a0-1368-g6ab37f2 (webtiles) character file.

119 Geomchi the Insei (level 5, -4/27 HPs)
             Began as a Vine Stalker Monk on June 12, 2015.
             Killed by nerve-wracking pain
             ... invoked by Grinder
              (11 damage)
             ... while paralysed by Grinder
             ... on level 3 of the Dungeon.
             The game lasted 00:03:50 (2165 turns).

Geomchi the Insei (Vine Stalker Monk)               Turns: 2165, Time: 00:03:50

Health: -4/27      AC:  6    Str: 14    XL:     5   Next: 3%
Magic:  0/6        EV:  2    Int: 10    God:
Gold:   66         SH:  0    Dex: 17    Spells: 0 memorised, 4 levels left

rFire  . . .     SeeInvis .       - Unarmed
rCold  . . .     Clarity  .     v - +0 ring mail
rNeg   . . .     SustAt   .     (no shield)
rPois  .         Gourm    .     q - +0 helmet
rElec  .         Spirit   +     (no cloak)
rCorr  .         Warding  .     (no gloves)
rMut   .         Stasis   .     (no boots)
MR     +....                    (no amulet)
Stlth  ++........               (no ring)
                                u - ring of protection from magic

@: paralysed, somewhat resistant to hostile enchantments, unstealthy
A: fangs 2, regeneration 1, magic shield, antimagic bite, no device heal 3, rot
immunity
a: no special abilities


You were on level 3 of the Dungeon.
You were very hungry.

You visited 1 branch of the dungeon, and saw 3 of its levels.

You collected 66 gold pieces.

Inventory:

Armour
 a - a +0 robe
 q - a +0 helmet (worn)
 v - a +0 ring mail (worn)
Jewellery
 u - a ring of protection from magic (left hand)
Scrolls
 e - 2 scrolls of recharging {unknown}
 f - a scroll of fear {unknown}
 g - a scroll of identify {unknown}
 h - a scroll of random uselessness {unknown}
 i - a scroll of remove curse {unknown}
 j - 3 scrolls of enchant weapon {unknown}
 l - a scroll of enchant armour {unknown}
 p - a scroll of magic mapping {unknown}
Potions
 c - a potion of heal wounds {unknown}
 d - a potion of agility {unknown}
 k - a potion of ambrosia {unknown}
 n - a potion of curing {unknown}
 o - a potion of degeneration {unknown}
 w - a potion of flight {unknown}
Comestibles
 b - 3 bread rations {@e1}
 m - a royal jelly
 r - 5 fruits
 s - a meat ration {@e2}
 t - a beef jerky


   Skills:
 - Level 2.6 Fighting
 + Level 3.6 Dodging
 - Level 2.4 Stealth
 + Level 5.1 Unarmed Combat


You had 4 spell levels left.
You didn't know any spells.

Dungeon Overview and Level Annotations

Branches:
Dungeon (3/15)

Altars:
Nemelex Xobeh

Annotations:
D:3 Grinder


Innate Abilities, Weirdness & Mutations

You have extremely sharp teeth.
Your natural rate of healing is unusually fast.
When hurt, damage is shared between your health and your magic reserves.
Your bite disrupts and absorbs the magic of your enemies.
Potions and wands cannot restore your health.
You are immune to rotting.


Message History

You closely miss Grinder. You bite Grinder.
Grinder's magic leaks into the air.
You drain his magic.
You feel invigorated.
Grinder falters for a moment.
You hit Grinder. Grinder closely misses you.
You closely miss Grinder. Grinder hits you.
* * * LOW HITPOINT WARNING * * *
You writhe in agony.
* * * LOW HITPOINT WARNING * * *
You take 4 damage, and have 6/27 hp.
You now have 2/6 mp.
You are too injured to fight recklessly!
You are too injured to fight recklessly!
You are too injured to fight recklessly!
You are too injured to fight recklessly!
You hit Grinder but do no damage.
Grinder falters for a moment.
You barely miss Grinder. Grinder gestures at you.
You suddenly lose the ability to move!
Grinder hits you but does no damage. Grinder gestures at you.
Pain shoots through your body!
You die...

... #.# #.# ##
##.## .[. #...#
.... ##.<.##
..... #.....#
......###..#..#
.....o5@?.#_#.#
......###..#...#
##### #......#
#...##.#
###....# .####
.. ##


You could see Grinder and an orc.

Vanquished Creatures
  Robin (D:2)
  4 adders (D:2)
  A gnoll (D:1)
  2 worms (D:2)
  4 giant geckos
  2 giant cockroaches (D:1)
  11 goblins
  12 hobgoblins
  4 bats
  2 giant newts
  4 kobolds
  6 rats
53 creatures vanquished.

Notes
Turn   | Place    | Note
--------------------------------------------------------------
     0 | D:1      | Geomchi the Vine Stalker Monk began the quest for the Orb.
     0 | D:1      | Reached XP level 1. HP: 11/11 MP: 2/2
   227 | D:1      | Reached XP level 2. HP: 13/16 MP: 3/3
   435 | D:1      | Reached XP level 3. HP: 19/19 MP: 4/4
   545 | D:1      | Found a sparkling altar of Nemelex Xobeh.
  1358 | D:2      | Noticed Robin
  1368 | D:2      | Killed Robin
  1368 | D:2      | Reached XP level 4. HP: 3/23 MP: 3/5
  1603 | D:2      | Reached skill level 5 in Unarmed Combat
  2141 | D:2      | Reached XP level 5. HP: 23/27 MP: 6/6
  2148 | D:3      | Found a faded altar to an unknown god.
  2149 | D:3      | Noticed Grinder
  2163 | D:3      | Paralysed by Grinder for 3 turns
  2165 | D:3      | Killed from afar by Grinder

Vault maps used:
D:1:      zelgadis_glass_arrival_small, nemelex_diamond_rough_becter
D:2:      first_bread, minmay_door_square, uniq_robin
D:3:      ecumenical_altar_1, uniq_grinder, uniq_terence, uniq_iyjb

Action                   |  1- 3 |  4- 6 || total
-------------------------+-------+-------++-------
Melee: Unarmed           |   100 |    71 ||   171
 Stab: Sleeping          |     6 |     7 ||    13
  Eat: Chunk             |     1 |     2 ||     3
